 Dungeon Crawl Stone Soup version 0.17-a0-2208-ge5ab1d3 (webtiles) character file.

11 kae the Insei (level 2, -4/18 HPs)
             Began as an Octopode Transmuter on Oct 26, 2015.
             Slain by a kobold
             ... wielding a +0 short sword
              (6 damage)
             ... on level 1 of the Dungeon.
             The game lasted 00:00:36 (344 turns).

kae the Insei (Octopode Transmuter)                  Turns: 344, Time: 00:00:37

Health: -4/18      AC:  1    Str:  9    XL:     2   Next: 25%
Magic:  5/5        EV: 12    Int: 15    God:
Gold:   19         SH:  0    Dex: 12    Spells: 2 memorised, 2 levels left

rFire  . . .     SeeInvis .       - Unarmed
rCold  . . .     Clarity  .     (no shield)
rNeg   . . .     SustAt   .     (helmet restricted)
rPois  .         Gourm    .     (no amulet)
rElec  .         Spirit   .     (no ring)
rCorr  .         Warding  .     (no ring)
rMut   .         Stasis   .     (no ring)
MR     .....                    (no ring)
Stlth  ++........               (no ring)
                                (no ring)
                                (no ring)
                                (no ring)

@: hasted, very quick, not resistant to hostile enchantments, unstealthy
A: almost no armour, amphibious, 8 rings, constrict 8, camouflage 1, gelatinous
body 1
a: no special abilities


You were on level 1 of the Dungeon.
You were not hungry.

You visited 1 branch of the dungeon, and saw 1 of its levels.

You collected 19 gold pieces.

Inventory:

Missiles
 a - 12 arrows
Scrolls
 d - a scroll of random uselessness {unknown}
 f - a scroll of identify {unknown}
Books
 b - a book of Changes

   Spells                             Type                      Level
   a - Beastly Appendage              Transmutation                1
   b - Sticks to Snakes               Transmutation                2
   c - Spider Form                    Transmutation/Poison         3
   d - Ice Form                       Ice/Transmutation            4
   e - Blade Hands                    Transmutation                5
Comestibles
 c - a bread ration


   Skills:
 - Level 1.0 Fighting
 - Level 2.0 Dodging
 + Level 3.6 Unarmed Combat
 - Level 2.0 Spellcasting
 - Level 2.0 Transmutations


You had 2 spell levels left.
You knew the following spells:

 Your Spells              Type           Power        Failure   Level  Hunger
a - Beastly Appendage     Trmt           #.....       12%         1    #......
b - Sticks to Snakes      Trmt           #.........   14%         2    ###....


Dungeon Overview and Level Annotations

Branches:
Dungeon (1/15)

Altars:


Innate Abilities, Weirdness & Mutations

You cannot wear most types of armour.
You are amphibious.
You can wear up to eight rings at the same time.
You can use your tentacles to constrict eight enemies at once.
Your skin changes colour to match your surroundings (Stealth).
Your rubbery body absorbs attacks (AC +1).


Message History

The bat closely misses you. The hobgoblin hits you with a club.
* * * LOW HITPOINT WARNING * * *
You are too injured to fight recklessly!
You are too injured to fight recklessly!
You are too injured to fight recklessly!
You are too injured to fight recklessly!
You are too injured to fight recklessly!
You closely miss the bat. Your grab misses the bat.
The bat hits you but does no damage. The hobgoblin barely misses you.
You closely miss the hobgoblin. You grab the hobgoblin.
You constrict the hobgoblin, but do no damage.
You tentacle-slap the bat but do no damage.
Your grab misses the bat. You constrict the hobgoblin.
The bat hits you but does no damage. The hobgoblin hits you with a club.
* * * LOW HITPOINT WARNING * * *
Drink which item? (? for menu, Esc to quit)
It was a potion of haste.
You feel yourself speed up.
You constrict the hobgoblin. The bat misses you.
The kobold hits you with a short sword.
You die...

#... . #.!.##.
##..#..#
...#..#
#######..#.#
...........#
.......$..)#
......K@..(#..
!.....g...(#..
!.....b...(#..
...........#.#
######...#.#.#
#..#.†#.#
#..#..#.#
#...##..#
##......#


You could see a hobgoblin, a bat and a kobold.

Vanquished Creatures
  2 goblins (D:1)
  A ball python (D:1)
  4 bats (D:1)
  A giant newt (D:1)
  3 kobolds (D:1)
  A rat (D:1)
12 creatures vanquished.

Notes
Turn   | Place    | Note
--------------------------------------------------------------
     0 | D:1      | kae the Octopode Transmuter began the quest for the Orb.
     0 | D:1      | Reached XP level 1. HP: 13/13 MP: 3/3
   313 | D:1      | Reached XP level 2. HP: 16/18 MP: 3/5
   319 | D:1      | Learned a level 2 spell: Sticks to Snakes
   344 | D:1      | Slain by a kobold

Vault maps used:
D:1:      dpeg_arrival_pits, minmay_curled_crystal, serial_bayou_pond_b,
          nemelex_xobeh_ov_fountains_minmay

Action                   || total
-------------------------++-------
Melee: Unarmed           ||    30
 Cast: Beastly Appendage ||     2
  Use: Potion            ||     1
 Stab: Sleeping          ||     1
